 Dungeon Crawl Stone Soup version 0.28-a0-514-g0d7ab7f379 (webtiles) character file.

Game seed: 8467179596600614202

525 willcat the Covert (level 7, -4/46 HPs)
             Began as an Octopode Delver on Sept 22, 2021.
             Slain by an ice beast (14 damage)
             ... on level 5 of the Dungeon.
             The game lasted 00:02:21 (1418 turns).

willcat the Covert (Octopode Delver)                Turns: 1418, Time: 00:02:22

Health: -4/46      AC:  1    Str: 12    XL:     7   Next: 22%
Magic:  16/16      EV: 14    Int: 14    God:
Gold:   0          SH:  0    Dex: 13    Spells: 6/6 levels left

rFire   . . .      SeeInvis .   a - +0 short sword
rCold   . . .      Faith    .   (no shield)
rNeg    . . .      Spirit   .   (helmet restricted)
rPois   .          Reflect  .   (no amulet)
rElec   .          Harm     .   j - ring of magical power
rCorr   .          Rampage  .   (no ring)
Will    .....                   (no ring)
Stlth   +++++.....              (no ring)
HPRegen 0.15/turn               (no ring)
MPRegen 0.15/turn               (no ring)
                                (no ring)
                                (no ring)

@: no status effects
A: almost no armour, amphibious, 8 rings, camouflage 1, gelatinous body 1,
(nimble swimmer 1), tentacles
a: no special abilities


You were on level 5 of the Dungeon.
You visited 1 branch of the dungeon, and saw 1 of its levels.

Inventory:

Hand Weapons
 a - a +0 short sword (weapon)
Jewellery
 j - a ring of magical power (left tentacle)
Wands
 f - a wand of digging (3)
 h - a wand of flame (19)
Scrolls
 b - a scroll of fog
 c - a scroll of magic mapping
 d - a scroll of fear
 g - a scroll of teleportation {unknown}
Potions
 e - a potion of haste
 i - 2 potions of curing {unknown}


   Skills:
 - Level 3.0 Fighting
 + Level 4.3 Short Blades
 + Level 4.3 Dodging
 + Level 8.7 Stealth
 + Level 2.9 Evocations


You had 6 spell levels left.
You didn't know any spells.
Your spell library was empty.

Dungeon Overview and Level Annotations

Branches:
Dungeon (5/15)
 Temple: D:4-7

Altars:
Xom

Annotations:
D:5 Thamoo's ghost, novice MfFi


Innate Abilities, Weirdness & Mutations

You cannot wear most types of armour.
You are amphibious.
You can wear up to eight rings at the same time.
Your skin changes colour to match your surroundings (Stealth+).
Your rubbery body absorbs attacks. (AC +1, EV +1)
((You are camouflaged near water. (Stealth+)))
You have tentacles for arms and can constrict up to eight enemies at once.


Message History

Unknown command.
You hit the water moccasin zombie but do no damage.
You squeeze the water moccasin zombie!
The water moccasin zombie is heavily damaged.
You constrict the water moccasin zombie.
The water moccasin zombie bites you.
Unknown command.
You hit the water moccasin zombie.
The water moccasin zombie is severely damaged.
You constrict the water moccasin zombie.
The water moccasin zombie bites you.
Unknown command.
You hit the water moccasin zombie.
The water moccasin zombie is almost destroyed.
You constrict the water moccasin zombie.
The water moccasin zombie closely misses you.
The water moccasin zombie barely misses you.
Unknown command.
You hit the water moccasin zombie.
Your squeeze misses the water moccasin zombie.
The water moccasin zombie is almost destroyed.
You constrict the water moccasin zombie.
The water moccasin zombie bites you.
Unknown command.
You hit the water moccasin zombie.
You destroy the water moccasin zombie!
Unknown command.
Aiming: Throw Flame
Press: ? - help, Shift-Dir - straight line, f - ice beast
Aim: an ice beast (71% to hit)
The puff of flame hits the ice beast but does no damage.
The ice beast hits you. The ice beast freezes you!
* * * LOW HITPOINT WARNING * * *
Aiming: Throw Flame
Press: ? - help, Shift-Dir - straight line, f/p - ice beast
Aim: an ice beast (71% to hit)
The puff of flame misses the ice beast.
The ice beast hits you.
* * * LOW HITPOINT WARNING * * *
The ice beast freezes you!
You die...

#..≈§.≈≈##
#########.≈≈...≈≈#
.......##.§§§○°≈≈#
#......≈§§☼≈≈§# #
#......≈§☼≈.≈≈. #.
#.....!≈§.§§≈§. #..
#..(....≈§§§≈..
.##...####.........##...
.''...'@Y'..........'...
.##...####.........##...
#.. #.[.......##### #.
#.........##### #
#.............#
#.........###.#
########### #.#
#######.# .........


You could see an ice beast.

Vanquished Creatures
  A centaur (D:5)
  An ogre (D:5)
  A phantom (D:5)
  A bullfrog (D:5)
  A scorpion (D:5)
  A water moccasin zombie (D:5)
  A bullfrog zombie (D:5)
  A jelly (D:5)
  An iguana (D:5)
  A gnoll (D:5)
  A shadow imp (D:5)
  An adder skeleton (D:5)
  A dart slug (D:5)
  An orc (D:5)
14 creatures vanquished.

Vanquished Creatures (others)
  A black bear (D:5)
  An iguana (D:5)
  A worm (D:5)
  6 plants (D:5)
9 creatures vanquished.

Grand Total: 23 creatures vanquished

Notes
Turn   | Place    | Note
-------+----------+-------------------------------------------
     0 | D:5      | willcat the Octopode Delver began the quest for the Orb.
     0 | D:5      | Reached XP level 1. HP: 16/16 MP: 1/1
    50 | D:5      | Noticed a centaur
    51 | D:5      | Found a transporter.
    52 | D:5      | Noticed a gnoll sergeant
    64 | D:5      | Killed a centaur
    65 | D:5      | Reached skill level 7 in Stealth
    65 | D:5      | Reached XP level 2. HP: 12/21 MP: 2/2
    65 | D:5      | Reached XP level 3. HP: 15/26 MP: 3/3
    65 | D:5      | Reached XP level 4. HP: 17/31 MP: 4/4
   219 | D:5      | Found a transporter.
   220 | D:5      | Identified the +7 spear of Jiastane {elec, rF- rC++ Str-3
                  | Int+4}
   220 | D:5      | Identified the -3 buckler of Omission {Regen+}
   220 | D:5      | Noticed a gnoll sergeant
   221 | D:5      | Noticed Thamoo's ghost (novice MfFi)
   422 | D:5      | Noticed an ogre
   422 | D:5      | Noticed a bullfrog
   435 | D:5      | Killed a bullfrog
   436 | D:5      | Reached skill level 1 in Evocations
   436 | D:5      | Reached XP level 5. HP: 17/36 MP: 5/5
   465 | D:5      | Killed an ogre
   466 | D:5      | Reached skill level 8 in Stealth
   466 | D:5      | Reached XP level 6. HP: 24/42 MP: 6/6
   651 | D:5      | Noticed a steam dragon
  1118 | D:5      | Noticed a black bear
  1119 | D:5      | Found a shimmering altar of Xom.
  1121 | D:5      | Noticed an ice beast
  1124 | D:5      | Killed a black bear
  1151 | D:5      | Reached XP level 7. HP: 22/46 MP: 7/7
  1418 | D:5      | Slain by an ice beast

Illustrated notes

Levels and vault maps discovered:
D:5:      layout_basic, xom_confusion_cloud, gammafunk_ghost_gnarly_gnolls

Skill      XL: |  1  2  3  4  5  6 |
---------------+-------------------+-----
Short Blades   | 3 4 |  4.3
Dodging        | 3 4 |  4.3
Stealth        | 7 8 |  8.7
Evocations     | 1 2 |  2.9
Fighting       | |  3.0

Action                   |  1- 3 |  4- 6 |  7- 9 || total
-------------------------+-------+-------+-------++-------
Melee: Short sword       |     8 |    27 |    13 ||    48
       Tentacles         |     1 |     8 |     6 ||    15
       Constrict         |       |     6 |     3 ||     9
Evoke: Wand              |       |     5 |     2 ||     7
 Stab: Sleeping          |     1 |     1 |       ||     2
       Distracted        |       |     1 |       ||     1
Armor: Skin              |     1 |       |       ||     1
Dodge: Dodged            |    18 |    16 |     8 ||    42

Table legend: (Time is in decaauts)
 A = Elapsed time spent in this place.
 B = Non-inter-level travel time spent in this place.
 C = Inter-level travel time spent in this place.
 D = Time resting spent in this place.
 E = Time spent auto-exploring this place.
 F = Levels seen in this place.
 G = Mean time per level.
                   A        B        C        D        E       F      G
               +--------+--------+--------+--------+--------+-----+--------+
         Total |   1413 |   1413 |      0 |    610 |    536 |   1 | 1413.0 |
       Dungeon |   1413 |   1413 |      0 |    610 |    536 |   1 | 1413.0 |
               +--------+--------+--------+--------+--------+-----+--------+

Top non-repeatable levels by time:
     D:5: 1413 daAuts
